 Dungeon Crawl Stone Soup version 0.20.0-7-g3b7b877 (webtiles) character file.

217 straycat the Skirmisher (level 5, -6/42 HPs)
             Began as a Vampire Wanderer on May 29, 2017.
             Mangled by an iguana (7 damage)
             ... on level 4 of the Dungeon.
             The game lasted 00:19:47 (4064 turns).

straycat the Skirmisher (Vampire Wanderer)          Turns: 4064, Time: 00:19:50

Health: -6/42      AC:  6    Str: 13    XL:     5   Next: 61%
Magic:  5/5        EV: 12    Int: 13    God:
Gold:   216        SH:  0    Dex: 14    Spells: 4/4 levels left

rFire    . . .     SeeInvis +   t - -2 spear (curse)
rCold    + + .     Gourm    .   (no shield)
rNeg     + + +     Faith    .   i - +0 ring mail
rPois    ∞         Spirit   .   s - +1 hat
rElec    .         Reflect  .   (no cloak)
rCorr    .         Harm     .   (no gloves)
MR       .....                  (no boots)
Stlth    ++++......             (no amulet)
Regen    0.0/turn               (no ring)
MPRegen  0.1/turn               (no ring)

@: bloodless, non-regenerating
A: fangs 3, see invisible, unbreathing
a: Bat Form


You were on level 4 of the Dungeon.
You were bloodless.

You visited 1 branch of the dungeon, and saw 4 of its levels.

You collected 216 gold pieces.

Inventory:

Hand Weapons
 a - a +3 short sword
 c - a +0 spear
 j - a +0 hunting sling
 t - a cursed -2 spear (weapon)
Missiles
 f - 12 poisoned needles
 h - 34 bolts
 k - 45 arrows
 r - 33 stones (quivered)
Armour
 d - a +0 robe
 g - a +0 leather armour
 i - a +0 ring mail (worn)
 q - a +0 plate armour
 s - a +1 hat (worn)
 u - a +0 scale mail
Scrolls
 m - 2 scrolls of enchant armour {unknown}
 o - a scroll of teleportation
 p - a scroll of enchant weapon
Potions
 b - 5 potions of curing
 e - 13 potions of blood
 l - a potion of flight
 n - a potion of haste


   Skills:
 * Level 4.0 Fighting
 * Level 3.4 Short Blades
 - Level 1.7 Polearms
 - Level 1.5 Throwing
 * Level 3.4 Dodging
 + Level 3.3 Stealth


You had 4 spell levels left.
You didn't know any spells.

Dungeon Overview and Level Annotations

Branches:
Dungeon (4/15)
 Temple: D:4-7

Altars:
Elyvilon
Gozag


Innate Abilities, Weirdness & Mutations

You do not heal naturally.
You are immune to poison.
You have razor-sharp teeth.
You have supernaturally acute eyesight. (SInv)
You can survive without breathing.


Message History

You draw the orc priest's blood!
You feel better.
You feel slightly less thirsty.
The orc priest is heavily wounded.
The orc priest hits you but does no damage.
The iguana completely misses you.
You hit the orc priest.
The orc priest is severely wounded.
The orc priest hits you but does no damage.
The iguana misses you.
You closely miss the orc priest.
The orc priest is severely wounded.
The orc priest hits you with a mace. The iguana bites you.
You hit the orc priest but do no damage.
Your bite misses the orc priest.
The orc priest is severely wounded.
The orc priest invokes the aid of Beogh against you.
Beogh smites you!
* * * LOW HITPOINT WARNING * * *
The iguana bites you!
You die...

.....#.....#........
.............######'
....#.⌠.⌠.#........
..................
##+##.#.....#........
#........_......>....
#.....#.....#.#######
...####(.l).....÷.........#
........(o@.#.⌠.⌠.#.......'
.......####...............#
.......#....#.....#.......#
.l..o..#..............#####
(......#.....##[.###..# #..
(.(....#................+..
(......########.........#..
....o.. ........#.. ....
#..


You could see an iguana and an orc priest.

Vanquished Creatures
  A worker ant (D:3)
  A hound skeleton (D:3)
  3 gnolls (D:2)
  4 adders
  An ooze (D:3)
  4 worms
  A dart slug (D:1)
  5 leopard geckos
  5 orcs
  4 giant cockroaches
  6 goblins
  17 hobgoblins
  3 jackals (D:2)
  5 kobolds
  4 quokkas
  3 ball pythons
  6 bats
  6 frilled lizards
  A jackal skeleton (D:4)
  8 rats
88 creatures vanquished.

Notes
Turn   | Place    | Note
-------+----------+-------------------------------------------
     0 | D:1      | straycat the Vampire Wanderer began the quest for the Orb.
     0 | D:1      | straycat set off with: a +2 short sword, a potion of curing, a +0 spear, a +0 robe, a potion of blood
     0 | D:1      | Reached XP level 1. HP: 17/17 MP: 1/1
   165 | D:1      | Reached XP level 2. HP: 23/23 MP: 2/2
   168 | D:1      | Reached skill level 3 in Fighting
   555 | D:2      | Reached XP level 3. HP: 29/29 MP: 3/3
   567 | D:2      | Reached skill level 1 in Dodging
   852 | D:2      | Reached XP level 4. HP: 30/35 MP: 4/4
  1272 | D:2      | Found an opulent altar of Gozag.
  3070 | D:3      | Reached XP level 5. HP: 42/42 MP: 5/5
  3382 | D:3      | Reached skill level 4 in Fighting
  4008 | D:4      | Found a white marble altar of Elyvilon.
  4064 | D:4      | HP: 1/42 [orc priest/divine providence (14)]
  4064 | D:4      | Mangled by an iguana

Skill      XL: |  1  2  3  4  5 |
---------------+----------------+-----
Stealth        | 2 3 |  3.3
Fighting       | 3 4 |  4.0
Dodging        | 1 2 3 |  3.4
Short Blades   | 3 |  3.4
Polearms       | |  1.7
Throwing       | |  1.5

Action                   |  1- 3 |  4- 6 || total
-------------------------+-------+-------++-------
Melee: Short sword       |    60 |    87 ||   147
       Bite              |     8 |    41 ||    49
       Spear             |       |   224 ||   224
       Unarmed           |       |    18 ||    18
Throw: Stone             |     4 |     9 ||    13
       Javelin           |       |    12 ||    12
 Abil: End Transformatio |       |     2 ||     2
       Bat Form          |       |     2 ||     2
  Use: Scroll            |       |    10 ||    10
       Potion            |       |     4 ||     4
 Stab: Sleeping          |     3 |     5 ||     8
       Distracted        |       |     2 ||     2
  Eat: Corpse            |       |     1 ||     1
Armor: Robe              |     9 |    14 ||    23
       Ring mail         |       |    56 ||    56
Dodge: Dodged            |    31 |   182 ||   213
